cohdb
Replays
Latest Replays
All Replays
Popular Replays
Top Player Replays
Match Explorer
How It Works
Community
CoH3 Stats
Reddit
Sign in to upload your games and track your stats! →
Sign in with Steam
Match 48439431
Unlisted
Match 48439431
Overview
Messages
Build Orders
End
Construct Barracks
Selects Armored Battlegroup
Selects Veteran Crews
1⁄4-ton 4x4 Truck
Riflemen Squad
Riflemen Squad
Grenade Package
Riflemen Squad
Construct Weapon Support Center
M1919 Machine Gun Team
Air Support Center
Selects Fast Deploy
Selects M31 Recovery Vehicle
Grasshopper Recon Run
M3 Armored Personnel Carrier
M3 Armored Personnel Carrier
P-47 Strafing Run
M3 Armored Personnel Carrier
Selects War Machine
Grasshopper Recon Run
M1919 Machine Gun Team
Grasshopper Recon Run
Engineer Squad
Grasshopper Recon Run
Riflemen Squad
Grasshopper Recon Run
Selects Seek and Destroy
Construct Tank Depot
Grasshopper Recon Run
Selects UNKNOWN (2160077)
M4A1 Sherman Medium Tank
DarkShadow0o7
kamacura
Jerking Hans
Evelynn
SKT
Kenan
0
0
Comments
sign in to comment!
No comments posted yet!